 Dungeon Crawl Stone Soup version 0.24-a0-458-gfcb5e6da0e (webtiles) character file.

Game seed: 10971448155388575089

18 Ijustatesigmund the Skirmisher (level 2, -2/32 HPs)
             Began as an Ogre Hunter on June 26, 2019.
             Slain by Natasha (5 damage)
             ... on level 3 of the Dungeon.
             The game lasted 00:01:48 (872 turns).

Ijustatesigmund the Skirmisher (Ogre Hunter)         Turns: 872, Time: 00:01:49

Health: -2/32      AC:  3    Str: 15    XL:     2   Next: 66%
Magic:  2/2        EV: 10    Int: 12    God:
Gold:   38         SH:  0    Dex:  9    Spells: 1/1 levels left

rFire    . . .     SeeInvis .   a - +0 short sword
rCold    . . .     Gourm    .   (no shield)
rNeg     . . .     Faith    .   b - +0 robe
rPois    .         Spirit   .   (helmet restricted)
rElec    .         Reflect  .   (no cloak)
rCorr    .         Harm     .   (gloves unavailable)
MR       .....                  (boots unavailable)
Stlth    +.........             (no amulet)
HPRegen  0.10/turn              (no ring)
MPRegen  0.08/turn              (no ring)

@: no status effects
A: large, unfitting armour, tough skin 1
a: no special abilities


You were on level 3 of the Dungeon.
You were not hungry.

You visited 1 branch of the dungeon, and saw 3 of its levels.

You collected 38 gold pieces.

Inventory:

Hand Weapons
 a - a +0 short sword (weapon)
Missiles
 c - a large rock (quivered)
Armour
 b - a +0 robe (worn)
Scrolls
 d - a scroll of identify {unknown}
Potions
 h - a potion of degeneration {unknown}
Comestibles
 f - 2 rations


   Skills:
 + Level 4.2 Fighting
 - Level 4.0 Throwing
 - Level 1.7 Dodging
 - Level 0.6 Stealth


You had one spell level left.
You didn't know any spells.
Your spell library was empty.

Dungeon Overview and Level Annotations

Branches:
Dungeon (3/15)

Altars:

Annotations:
D:3 Natasha


Innate Abilities, Weirdness & Mutations

You are too large for most types of armour.
You have tough skin. (AC +1)


Message History

Throwing (i - inventory)
c - 4 large rocks (quivered)
Press: ? - help, Shift-Dir - straight line, f - hobgoblin
Aim: a hobgoblin, wielding a -1 club You throw a large rock.
The large rock hits the hobgoblin.
You kill the hobgoblin!
Natasha claws you but does no damage.
Throwing (i - inventory)
c - 3 large rocks (quivered)
Press: ? - help, Shift-Dir - straight line, f - Natasha
Aim: Natasha You throw a large rock.
The large rock hits Natasha.
Natasha is moderately wounded.
Natasha claws you.
* * * LOW HITPOINT WARNING * * *
Throwing (i - inventory)
c - 2 large rocks (quivered)
Press: ? - help, Shift-Dir - straight line, f/p - Natasha
Aim: Natasha (moderately wounded)
You throw a large rock. The large rock misses Natasha.
Natasha claws you.
* * * LOW HITPOINT WARNING * * *
Natasha claws you.
You die...

. ... . ... #.#.#
# #.#.# ##.##.#.#
........#
#.......######
#@##...## #
#h#.....##.#.
#((..........
?.....##<....#####
..#### ##...##
......#..#
.##...#..#
#.##.#.># #.
#.#...


You could see Natasha.

Vanquished Creatures
  A worm (D:3)
  3 giant cockroaches
  2 hobgoblins
  5 goblins
  2 kobolds (D:1)
  A rat (D:2)
14 creatures vanquished.

Notes
Turn   | Place    | Note
-------+----------+-------------------------------------------
     0 | D:1      | Ijustatesigmund the Ogre Hunter began the quest for the
                  | Orb.
     0 | D:1      | Reached XP level 1. HP: 22/22 MP: 1/1
   464 | D:1      | You fall into a shaft and drop 1 floor!
   477 | D:2      | Reached XP level 2. HP: 13/32 MP: 2/2
   748 | D:2      | Noticed Natasha
   872 | D:3      | Slain by Natasha

Levels and vault maps discovered:
D:1:      doesnt_arrival_eight_statues, layout_basic, minmay_pentomino_s2
D:2:      layout_rooms, minivault_25, uniq_natasha, uniq_robin
D:3:      layout_loops_ring, serial_co_window_serial, co_window_corner_a,
          co_window_of_opportunity_a, co_window_paths_a, co_window_corner_a,
          co_window_of_opportunity_a, co_window_paths_a, co_window_paths_a,
          co_window_2corner, co_window_cross_4, co_window_corner_b,
          co_window_broadway_b, co_window_sun, glass_columns_a, glass_columns_a

Skill      XL: |  1  2 |
---------------+-------+-----
Fighting       | 3 4 |  4.2
Throwing       | |  4.0
Dodging        | |  1.7
Stealth        | |  0.6

Action                   || total
-------------------------++-------
Melee: Short sword       ||    54
Throw: Large rock        ||     4
       Throwing net      ||     2
  Use: Scroll            ||     1
       Potion            ||     1
 Stab: Held in net/web   ||     2
       Sleeping          ||     1
Armor: Robe              ||    15
Dodge: Dodged            ||    24

Table legend:
 A = Non-vault XP
 B = Vault XP
 C = Vault XP percentage of total XP
 D = Non-vault monster count
 E = Vault monster count
 F = Vault count percentage of total count
                 A         B        C        D         E       F
            +---------+---------+-------+---------+---------+-------
      Total |      23 |       3 |  11.5 |      12 |       2 |  14.3
            +---------+---------+-------+---------+---------+-------
        D:1 |       4 |       3 |  42.9 |       3 |       2 |  40.0
        D:2 |       8 |       0 |   0.0 |       5 |       0 |   0.0
        D:3 |      11 |       0 |   0.0 |       4 |       0 |   0.0
            +---------+---------+-------+---------+---------+-------
